 Dungeon Crawl Stone Soup version 0.31.0-11-ge490571c62 (webtiles) character file.

Game seed: 1053859399596281196

5233 jasper the Severer (level 10, -1/81 HPs)
             Began as a Minotaur Berserker on Feb 2, 2024.
             Was an Elder of Trog.
             Killed from afar by an electric eel (12 damage)
             ... with a bolt of electricity
             ... on level 8 of the Dungeon.
             The game lasted 00:08:54 (5832 turns).

jasper the Severer (Minotaur Berserker)             Turns: 5832, Time: 00:08:55

Health: -1/81      AC: 16    Str: 22    XL:     10   Next: 35%
Magic:  9/9        EV: 11    Int:  4    God:    Trog [****..]
Gold:   203        SH:  5    Dex: 20    Spells: 9/9 levels left

rFire   . . .        M - +2 broad axe (flame)
rCold   . . .        E - +0 buckler
rNeg    . . .        K - quicksilver dragon scales
rPois   .            (helmet restricted)
rElec   .            F - +1 cloak
rCorr   .            (no gloves)
SInv    .            z - +2 pair of boots
Will    +....        (no amulet)
Stlth   +            j - +6 ring of dexterity
HPRegen 0.33/turn    (no ring)
MPRegen 0.11/turn

%: no passive effects
@: very slow
A: horns 2, retaliatory headbutt
a: Renounce Religion, Berserk, Trog's Hand, Brothers in Arms


You were on level 8 of the Dungeon.
You worshipped Trog.
Trog was greatly pleased with you.
You visited 2 branches of the dungeon, and saw 9 of its levels.
You also visited: Bailey.

You collected 398 gold pieces.
You spent 195 gold pieces at shops.

Inventory:

Hand Weapons
 a - a +0 hand axe
 r - a +0 flail
 u - the +2 war axe "Kalix" {holy, rElec rC- rN+ rCorr Int+3}
   (You bought it in a shop on level 2 of the Dungeon)

   Int+3:     It affects your intelligence (+3).
   rC-:       It makes you vulnerable to cold.
   rElec:     It insulates you from electricity.
   rN+:       It protects you from negative energy.
   rCorr:     It protects you from acid and corrosion.
 L - a +0 war axe
 M - a +2 broad axe of flaming (weapon)
 P - a +0 broad axe
Missiles
 p - 18 boomerangs (quivered)
 t - 39 stones
 C - 2 javelins
Armour
 b - a +0 animal skin
 c - a +0 leather armour
 g - a +0 ring mail
 q - a +0 chain mail
 z - a +2 pair of boots (worn)
 E - a +0 buckler (worn)
 F - a +1 cloak (worn)
 I - a +0 plate armour
 K - quicksilver dragon scales (worn)
Jewellery
 j - a +6 ring of dexterity (left hand)
Scrolls
 d - 2 scrolls of identify
 m - a scroll of teleportation
 x - 3 scrolls of revelation
 D - a scroll of vulnerability
Potions
 e - a potion of haste
 f - 3 potions of curing
 h - a potion of degeneration
 k - 2 potions of attraction
 l - 4 potions of berserk rage {unknown}
 o - 2 potions of brilliance {unknown}
 s - a potion of mutation {unknown}
 A - a potion of resistance {unknown}
 B - 4 potions of enlightenment {unknown}
 G - 2 potions of ambrosia {unknown}
 N - a potion of might {unknown}
 O - 2 potions of invisibility {unknown}
 Q - a potion of heal wounds {unknown}


   Skills:
 - Level 5.5 Fighting
 + Level 17.2 Axes
 - Level 4.8 Armour
 - Level 2.1 Dodging


You had 9 spell levels left.
You didn't know any spells.
Your spell library was empty.

Dungeon Overview and Level Annotations

Branches:
Dungeon (8/15)             Temple (1/1) D:7          Bailey (visited)
   Lair: D:8-11

Altars:
Ashenzari
Cheibriados
Dithmenos
Elyvilon
Fedhas
Gozag
Hepliaklqana
Kikubaaqudgha
Makhleb
Nemelex Xobeh
Okawaru
Qazlal
Ru
Sif Muna
Trog
Uskayaw
Vehumet
Wu Jian
Yredelemnul
Zin
The Shining One

Shops:
D:1 (   D:2 (   D:3 [   D:7 :


Innate Abilities, Weirdness & Mutations

You have a pair of horns on your head.
You reflexively headbutt those who attack you in melee.


Message History

The bolt of electricity misses you.
An electric eel comes into view.
The electric eel shoots out a bolt of lightning at you!
The bolt of electricity hits you!
The electric eel shoots out a bolt of lightning at you!
The bolt of electricity hits you.
The electric eel shoots out a bolt of lightning at you!
The bolt of electricity misses you.
The electric eel shoots out a bolt of lightning at you!
The bolt of electricity hits you.
The electric eel shoots out a bolt of lightning at you!
The bolt of electricity hits you!
The electric eel shoots out a bolt of lightning at you!
The bolt of electricity misses you. The bolt of electricity hits you!
The bolt of electricity hits the electric eel.
The electric eel completely resists.
The electric eel shoots out a bolt of lightning at you!
The bolt of electricity hits the electric eel.
The electric eel completely resists.
The bolt of electricity hits you.
You slash the electric eel! You burn the electric eel.
You kill the electric eel!
Trog accepts your kill.
You hear a splash.
Unknown command.
Unknown command.
You enter the shallow water.
Moving in this stuff is going to be slow.
The electric eel shoots out a bolt of lightning at you!
The bolt of electricity hits you!
* * * LOW HITPOINT WARNING * * *
The bolt of electricity hits you.
* * * LOW HITPOINT WARNING * * *
The bolt of electricity hits the electric eel.
The electric eel completely resists.
You barely miss the electric eel.
The electric eel shoots out a bolt of lightning at you!
The bolt of electricity hits you!
* * * LOW HITPOINT WARNING * * *
The bolt of electricity hits you!
You die...

# # # # # #
############### #
#.............. ###
#.~~~~†@≈≈~~~~. #.)
###.~~~≈≈S≈≈≈≈≈~.### #.#
#.'.~≈≈≈≈≈≈≈≈≈~~.+.# ##..
#.#.~~~≈~~≈~~~~≈.#.####...
#.#..............#.'......
#.################.####...
#.................## ##..
##.#########.....## ###
#.# ##...##


You could see an electric eel.

Vanquished Creatures
  2 vault guards (Bailey)
  Prince Ribbit (Bailey)
  Sigmund (D:5)
  7 humans (Bailey)
  2 water moccasins (D:7)
  An orc warrior (D:7)
  A black bear (D:5)
  2 ice beasts
  A centaur (D:6)
  A phantom (D:6)
  13 bullfrogs
  A scorpion (D:4)
  2 howler monkeys (D:7)
  An electric eel (D:8)
  3 hounds
  2 bombardier beetles
  9 orc priests
  Crazy Yiuf (D:7)
  6 orc wizards
  A sleepcap (D:6)
  2 iguanas
  Terence (D:2)
  Robin (D:3)
  8 adders
  A gnoll (Bailey)
  A river rat (D:4)
  A shadow imp (D:6)
  A white imp (D:6)
  A dart slug (D:2)
  3 ribbon worms
  26 orcs
  3 bats
  4 endoplasms (D:1)
  6 giant cockroaches
  21 goblins
  9 hobgoblins
  11 kobolds
  4 quokkas
  8 ball pythons
  2 frilled lizards
  6 rats
178 creatures vanquished.

Vanquished Creatures (others)
  An orc wizard (D:3)
1 creature vanquished.

Grand Total: 179 creatures vanquished

Notes
Turn   | Place    | Note
-------+----------+-------------------------------------------
     0 | D:1      | jasper the Minotaur Berserker began the quest for the Orb.
     0 | D:1      | Reached XP level 1. HP: 19/19 MP: 0/0
     9 | D:1      | Found Binnutie's Antique Weapon Emporium.
    48 | D:1      | Reached skill level 4 in Axes
    65 | D:1      | Reached XP level 2. HP: 20/26 MP: 1/1
   501 | D:1      | Reached skill level 5 in Axes
   674 | D:2      | Reached XP level 3. HP: 31/31 MP: 2/2
   679 | D:2      | Found a faded altar of an unknown god.
   808 | D:2      | Found Efraych's Antique Weapon Emporium.
  1169 | D:2      | Reached XP level 4. HP: 39/39 MP: 3/3
  1206 | D:2      | Noticed Terence
  1216 | D:2      | Reached skill level 6 in Axes
  1217 | D:2      | Killed Terence
  1339 | D:2      | Reached ** piety under Trog
  1523 | D:3      | Reached skill level 7 in Axes
  1523 | D:3      | Reached XP level 5. HP: 45/45 MP: 4/4
  1689 | D:3      | Found Voqir's Antique Armour Boutique.
  1731 | D:3      | Noticed Robin
  1739 | D:3      | Killed Robin
  1800 | D:3      | Found a sparkling altar of Nemelex Xobeh.
  1917 | D:3      | Found a bloodstained altar of Trog.
  1917 | D:3      | Found a glowing silver altar of Zin.
  2290 | D:2      | Bought a twisted war axe for 195 gold pieces
  2290 | D:2      | Identified the +2 war axe "Kalix" {holy, rElec rC- rN+
                  | rCorr Int+3} (You bought it in a shop on level 2 of the
                  | Dungeon)
  2335 | D:4      | Reached skill level 8 in Axes
  2513 | D:4      | Reached XP level 6. HP: 43/51 MP: 5/5
  2774 | D:4      | Reached skill level 9 in Axes
  3079 | D:4      | Reached *** piety under Trog
  3120 | D:5      | Entered Level 5 of the Dungeon
  3134 | D:5      | Reached XP level 7. HP: 56/57 MP: 6/6
  3279 | D:5      | Noticed Sigmund
  3293 | D:5      | Killed Sigmund
  3294 | D:5      | Reached skill level 10 in Axes
  3504 | D:5      | Reached skill level 11 in Axes
  3841 | D:6      | Reached XP level 8. HP: 62/64 MP: 7/7
  3873 | D:6      | Reached skill level 12 in Axes
  4355 | D:7      | Reached **** piety under Trog
  4357 | D:7      | Reached skill level 13 in Axes
  4457 | D:7      | Found a flagged portal.
  4487 | Bailey   | Entered a bailey
  4508 | Bailey   | Reached skill level 14 in Axes
  4512 | Bailey   | Reached XP level 9. HP: 70/70 MP: 8/8
  4530 | Bailey   | Reached skill level 15 in Axes
  4727 | Bailey   | Reached skill level 16 in Axes
  4728 | Bailey   | Noticed Prince Ribbit
  4740 | Bailey   | Killed Prince Ribbit
  4862 | Bailey   | Noticed a vault guard
  4870 | Bailey   | Killed a vault guard
  4871 | Bailey   | Reached skill level 5 in Fighting
  4871 | Bailey   | Reached XP level 10. HP: 81/81 MP: 9/9
  4935 | Bailey   | Noticed a vault guard
  4957 | Bailey   | Killed a vault guard
  5218 | D:7      | Found Abogheakh's Book Boutique.
  5279 | D:7      | Reached skill level 17 in Axes
  5400 | D:7      | Found a staircase to the Ecumenical Temple.
  5490 | D:7      | Found a runed translucent door.
  5491 | D:7      | Noticed Crazy Yiuf
  5684 | D:7      | Killed Crazy Yiuf
  5729 | Temple   | Entered the Ecumenical Temple
  5832 | D:8      | Killed from afar by an electric eel

Illustrated notes

Levels and vault maps discovered:
D:1:      eino_arrival_tree_alley, layout_rooms, serial_shops,
          nicolae_shop_overgrown_old_shop, minmay_nonomino_d4
D:2:      minmay_diamond_boxcup, layout_rooms, serial_shops, shop,
          chequers_ecumenical_altar_island, supply_closet_lemuel,
          chequers_jeans, uniq_terence
D:3:      layout_loops_ring, nemelex_xobeh_ov_fountains_minmay,
          mainiacjoe_overflow_divided_tiny, serial_shops, shop,
          eino_tiny_chamber, uniq_robin
D:4:      layout_loops_cross, portal_sewer_entry_b
D:5:      layout_gridville, ebering_dispersal_statue_hall, uniq_sigmund
D:6:      layout_basic
D:7:      layout_gridville, minmay_temple_entry_tees, enter_bailey_5,
          serial_shops, shop, uniq_crazy_yiuf_cottage
D:8:      layout_loops_corners, xom_butterflies, nrook_pool_corridor,
          corner_web_ring, minivault_21, nicolae_shop_fire_sale
          [nicolae_sub_dead_trees], uniq_grum
Temple:   regret_index_temple_mists

Skill      XL: |  1  2  3  4  5  6  7  8  9 10 |
---------------+-------------------------------+-----
Axes           | 4 5 7 8 9 11 14 16 17 | 17.2
Fighting       | 5 |  5.5
Armour         | 4 |  4.8
Dodging        | |  2.1

Action                     |  1- 3 |  4- 6 |  7- 9 | 10-12 || total
---------------------------+-------+-------+-------+-------++-------
  Melee: Hand axe          |    77 |   113 |       |       ||   190
         Headbutt          |     9 |    22 |    39 |    12 ||    82
         War axe           |       |    29 |   154 |       ||   183
         Broad axe         |       |       |       |    44 ||    44
  Throw: Boomerang         |       |       |     3 |       ||     3
 Invoke: Berserk           |       |     2 |     3 |     1 ||     6
         Trog's Hand       |       |     1 |       |       ||     1
    Use: Scroll            |       |       |       |    18 ||    18
 Armour: Leather armour    |    23 |       |       |       ||    23
         Animal skin       |     1 |       |       |       ||     1
         Ring mail         |    32 |     8 |       |       ||    40
         Chain mail        |       |    94 |    40 |       ||   134
         Quicksilver drago |       |       |    39 |    34 ||    73
         Plate armour      |       |       |     7 |       ||     7
  Dodge: Dodged            |    42 |    60 |    68 |    18 ||   188
  Block: Buckler           |       |       |    25 |     5 ||    30
